 Dungeon Crawl Stone Soup version 0.22.0-49-gab54619674 (webtiles) character file.

1338 JedernureinKreuz the Charmwright (level 8, -11/64 HPs)
             Began as a Gnoll Skald on Sept 7, 2018.
             Was a Believer of Dithmenos.
             Mangled by an orc warrior
             ... wielding a +0 scimitar
              (13 damage)
             ... on level 6 of the Dungeon.
             The game lasted 00:50:39 (5629 turns).

JedernureinKreuz the Charmwright (Gnoll Skald)      Turns: 5629, Time: 00:50:40

Health: -11/64     AC: 12    Str: 13      XL:     8   Next: 61%
Magic:  17/17      EV:  5    Int: 18      God:    Dithmenos [**....]
Gold:   282        SH:  0    Dex: 10 (15) Spells: 12/19 levels left

rFire    x . .     SeeInvis .   b - +1 mace (holy)
rCold    + . .     Gourm    .   (no shield)
rNeg     . . .     Faith    .   i - +1 plate armour
rPois    .         Spirit   .   (no helmet)
rElec    .         Reflect  .   s - scarf {cloud immunity}
rCorr    .         Harm     .   (no gloves)
MR       .....                  (no boots)
Stlth    ..........             G - amulet of regeneration
HPRegen  0.60/turn              x - ring of flight
MPRegen  0.15/turn              y - ring of ice

@: wreathed by umbra
A: distributed training, fangs 1, strong nose
a: Shadow Step, Renounce Religion, Evoke Flight


You were on level 6 of the Dungeon.
You worshipped Dithmenos.
Dithmenos was pleased with you.
You were not hungry.

You visited 1 branch of the dungeon, and saw 6 of its levels.

You collected 282 gold pieces.

Inventory:

Hand Weapons
 a - a +0 shortbow
 b - a +1 mace of holy wrath (weapon)
 e - a +0 dagger of speed
 A - a +0 spear
 F - a +0 shortbow
 I - a +2 hunting sling of velocity
Missiles
 k - 5 sling bullets
 B - 41 arrows
Armour
 i - a +1 plate armour (worn)
 p - a +0 leather armour
 s - a scarf of cloud immunity (worn)
Jewellery
 x - a ring of flight (left hand)
 y - a ring of ice (right hand)
 G - an amulet of regeneration (around neck)
Wands
 H - a wand of enslavement (11)
Scrolls
 g - 6 scrolls of teleportation
 m - 3 scrolls of amnesia
 n - 2 scrolls of remove curse {unknown}
 o - 7 scrolls of identify
 q - a scroll of fog {unknown}
 t - 2 scrolls of enchant armour
 u - a scroll of immolation {unknown}
 v - 2 scrolls of magic mapping {unknown}
 z - a scroll of summoning {unknown}
 C - a scroll of noise {unknown}
 D - a scroll of fear {unknown}
 E - a scroll of blinking {unknown}
Potions
 c - 2 potions of brilliance {unknown}
 f - a potion of might {unknown}
 h - 2 potions of ambrosia {unknown}
 j - 2 potions of lignification {unknown}
 r - 5 potions of curing {unknown}
 w - 2 potions of mutation {unknown}
Comestibles
 d - 8 rations


   Skills:
 + Level 5.7 Fighting
 + Level 3.3 Short Blades
 + Level 3.3 Long Blades
 + Level 3.3 Axes
 + Level 3.3 Maces & Flails
 + Level 5.7 Polearms
 + Level 3.3 Staves
 + Level 3.3 Slings
 + Level 3.3 Bows
 + Level 3.3 Crossbows
 + Level 3.3 Throwing
 + Level 4.3 Armour
 + Level 5.7 Dodging
 + Level 3.3 Stealth
 + Level 3.3 Shields
 + Level 3.3 Unarmed Combat
 + Level 6.1 Spellcasting
 + Level 2.7 Conjurations
 + Level 2.7 Hexes
 + Level 6.1 Charms
 + Level 2.7 Summonings
 + Level 2.7 Necromancy
 + Level 2.7 Translocations
 + Level 2.7 Transmutations
 + Level 2.7 Fire Magic
 + Level 2.7 Ice Magic
 + Level 2.7 Air Magic
 + Level 2.7 Earth Magic
 + Level 2.7 Poison Magic
 + Level 3.7 Invocations
 + Level 3.3 Evocations


You had 12 spell levels left.
You knew the following spells:

 Your Spells              Type           Power        Failure   Level  Hunger
a - Infusion              Chrm           ####         73%         1    None
b - Regeneration          Chrm/Necr      ###.......   100%        3    ##.....
c - Spectral Weapon       Hex/Chrm       ###.....     100%        3    ##.....

Your spell library contained the following spells:

 Spells                   Type           Power        Failure   Level  Hunger
 Song of Slaying          Chrm           ####....     86%         2    None
 Shroud of Golubria       Chrm/Tloc      ###.......   98%         2    None


Dungeon Overview and Level Annotations

Branches:
Dungeon (6/15)             Temple (0/1) D:4

Altars:
Dithmenos
Fedhas
Gozag
Hepliaklqana
Okawaru
Ru

Annotations:
D:4 exclusion: oklob plant


Innate Abilities, Weirdness & Mutations

Your experience applies equally to all skills.
You have very sharp teeth.
Your uncanny sense of smell can sniff out nearby items.


Message History

Confirm with . or Enter, or press ? or * to list all spells.
It is impossible to cast this spell (100% risk of failure)!
The orc warrior hits you with a scimitar!!
You hit the orc warrior.
The orc warrior is lightly wounded.
The orc warrior hits you but does no damage.
You closely miss the orc warrior.
The orc warrior is lightly wounded.
The orc warrior hits you with a scimitar!
You closely miss the orc warrior.
The orc warrior is lightly wounded.
The orc hits you but does no damage.
The orc warrior hits you with a scimitar!!
* * * LOW HITPOINT WARNING * * *
The orc hits you but does no damage.
You hit the orc warrior but do no damage.
The orc warrior is lightly wounded.
The orc hits you but does no damage.
The orc warrior hits you with a scimitar!
You die...

#.#####.###........# ### #
#.# #.##...#.##..# .# #
#.# #............##.#.##
#.# ##.##..........# ..
#.#####.###.##<.##(.## ##o
#..........oo.o......###o.
#######.###o##o.....>.#.##
##o##.##.#######.###
##@#........o...# #
##oo.########### #####


You could see an orc warrior and 2 orcs.

Vanquished Creatures
  A sky beast (D:6)
  2 ogres
  2 centaurs (D:5)
  2 bullfrogs
  A scorpion (D:5)
  A howler monkey (D:4)
  2 crimson imps
  A quasit (D:4)
  3 hounds (D:4)
  A gnoll shaman (D:5)
  A centaur skeleton (D:5)
  3 orc priests
  2 iguanas
  4 worker ants (D:4)
  A hound zombie (D:5)
  A hound skeleton (D:5)
  Robin (D:3)
  5 adders
  A white imp (D:4)
  2 oozes
  An adder skeleton (D:5)
  2 worms
  2 dart slugs
  2 leopard geckos
  11 orcs
  A ball python (D:2)
  9 bats
  14 giant cockroaches
  6 hobgoblins
  6 jackals
  2 quokkas
  4 frilled lizards
  18 goblins
  13 kobolds
  7 rats
135 creatures vanquished.

Vanquished Creatures (others)
  A spectral weapon (D:5)
  8 toadstools (D:4)
9 creatures vanquished.

Grand Total: 144 creatures vanquished

Notes
Turn   | Place    | Note
-------+----------+-------------------------------------------
     0 | D:1      | JedernureinKreuz the Gnoll Skald began the quest for the
                  | Orb.
     0 | D:1      | Reached XP level 1. HP: 20/20 MP: 6/6
   141 | D:1      | Reached XP level 2. HP: 22/26 MP: 7/7
   345 | D:1      | Reached XP level 3. HP: 25/31 MP: 9/9
   398 | D:1      | Reached skill level 5 in Spellcasting
   654 | D:1      | Learned a level 3 spell: Regeneration
   658 | D:1      | Learned a level 3 spell: Spectral Weapon
   892 | D:2      | Reached skill level 1 in Invocations
   978 | D:2      | Reached skill level 1 in Short Blades
   978 | D:2      | Reached skill level 1 in Long Blades
   978 | D:2      | Reached skill level 1 in Axes
   978 | D:2      | Reached skill level 1 in Maces & Flails
   978 | D:2      | Reached skill level 1 in Staves
   978 | D:2      | Reached skill level 1 in Slings
   978 | D:2      | Reached skill level 1 in Bows
   978 | D:2      | Reached skill level 1 in Crossbows
   978 | D:2      | Reached skill level 1 in Throwing
   978 | D:2      | Reached skill level 1 in Stealth
   978 | D:2      | Reached skill level 1 in Shields
   978 | D:2      | Reached skill level 1 in Unarmed Combat
   978 | D:2      | Reached skill level 1 in Evocations
   989 | D:2      | Reached XP level 4. HP: 32/38 MP: 11/11
  1063 | D:2      | Found a shadowy altar of Dithmenos.
  1068 | D:2      | Became a worshipper of Dithmenos the Shadowed
  1127 | D:2      | Reached skill level 1 in Conjurations
  1127 | D:2      | Reached skill level 1 in Hexes
  1127 | D:2      | Reached skill level 1 in Summonings
  1127 | D:2      | Reached skill level 1 in Necromancy
  1127 | D:2      | Reached skill level 1 in Translocations
  1127 | D:2      | Reached skill level 1 in Transmutations
  1127 | D:2      | Reached skill level 1 in Fire Magic
  1127 | D:2      | Reached skill level 1 in Ice Magic
  1127 | D:2      | Reached skill level 1 in Air Magic
  1127 | D:2      | Reached skill level 1 in Earth Magic
  1127 | D:2      | Reached skill level 1 in Poison Magic
  1257 | D:2      | Reached XP level 5. HP: 23/43 MP: 8/12
  1593 | D:3      | Found a sacrificial altar of Ru.
  1632 | D:3      | Reached * piety under Dithmenos
  1801 | D:3      | Found a hazy altar of Hepliaklqana.
  1876 | D:3      | Noticed Robin
  1881 | D:3      | Killed Robin
  2135 | D:4      | Reached XP level 6. HP: 50/50 MP: 13/13
  2289 | D:4      | Found an iron altar of Okawaru.
  2310 | D:4      | Reached skill level 5 in Fighting
  2310 | D:4      | Reached skill level 5 in Polearms
  2310 | D:4      | Reached skill level 5 in Dodging
  2341 | D:4      | Reached ** piety under Dithmenos
  2341 | D:4      | Reached XP level 7. HP: 23/56 MP: 11/15
  2347 | D:4      | Found a staircase to the Ecumenical Temple.
  2462 | D:4      | Found a glowing drain.
  2573 | D:4      | Found a blossoming altar of Fedhas.
  2593 | D:4      | Noticed an oklob plant
  2967 | D:5      | Entered Level 5 of the Dungeon
  3550 | D:4      | Reached XP level 8. HP: 13/63 MP: 9/16
  5262 | D:5      | Found an opulent altar of Gozag.
  5628 | D:6      | HP: 2/64 [orc warrior/scimitar (19)]
  5629 | D:6      | Mangled by an orc warrior

Skill      XL: |  1  2  3  4  5  6  7  8 |
---------------+-------------------------+-----
Spellcasting   | 5 6 |  6.1
Invocations    | 1 2 3 |  3.7
Short Blades   | 1 2 3 |  3.3
Long Blades    | 1 2 3 |  3.3
Axes           | 1 2 3 |  3.3
Maces & Flails | 1 2 3 |  3.3
Staves         | 1 2 3 |  3.3
Slings         | 1 2 3 |  3.3
Bows           | 1 2 3 |  3.3
Crossbows      | 1 2 3 |  3.3
Throwing       | 1 2 3 |  3.3
Stealth        | 1 2 3 |  3.3
Shields        | 1 2 3 |  3.3
Unarmed Combat | 1 2 3 |  3.3
Evocations     | 1 2 3 |  3.3
Conjurations   | 1 2 |  2.7
Hexes          | 1 2 |  2.7
Summonings     | 1 2 |  2.7
Necromancy     | 1 2 |  2.7
Translocations | 1 2 |  2.7
Transmutations | 1 2 |  2.7
Fire Magic     | 1 2 |  2.7
Ice Magic      | 1 2 |  2.7
Air Magic      | 1 2 |  2.7
Earth Magic    | 1 2 |  2.7
Poison Magic   | 1 2 |  2.7
Armour         | 3 4 |  4.3
Fighting       | 5 |  5.7
Polearms       | 5 |  5.7
Dodging        | 5 |  5.7
Charms         | 6 |  6.1

Action                   |  1- 3 |  4- 6 |  7- 9 || total
-------------------------+-------+-------+-------++-------
Melee: Spear             |   153 |   186 |   327 ||   666
       Bite              |    16 |    17 |    30 ||    63
       Punch             |       |     1 |     2 ||     3
       Dagger            |       |       |    46 ||    46
       Mace              |       |       |    36 ||    36
 Fire: Hunting sling     |       |    52 |    54 ||   106
 Cast: Regeneration      |     1 |     9 |    23 ||    33
       Infusion          |     1 |       |     1 ||     2
       Spectral Weapon   |       |     1 |     3 ||     4
  Use: Scroll            |     4 |     1 |       ||     5
 Stab: Distracted        |     1 |       |     1 ||     2
       Sleeping          |     2 |       |       ||     2
  Eat: Chunk             |       |     6 |     9 ||    15
       Ration            |       |       |     2 ||     2
Armor: Leather armour    |    34 |    31 |    56 ||   121
       Plate armour      |       |     6 |     6 ||    12
Dodge: Dodged            |   106 |   144 |   316 ||   566
